[Event "XIX Najdorf Memorial 2019"]
[Site "Warsaw"]
[Date "2019.07.11"]
[Round "6.32"]
[White "Lapaj, Mateusz"]
[Black "Cieslak, Wiktoria"]
[Result "1-0"]
[ECO "B22"]
[WhiteElo "2223"]
[BlackElo "2001"]
[Annotator "NA"]
[PlyCount "93"]
[EventDate "2019.07.06"]
[EventType "swiss"]
[EventCountry "POL"]
[SourceTitle "playchess.com"]
[Source "ChessBase"]
[SourceQuality "1"]
[TimeControl "40/5400+30:1800+30"]

1. e4 c5 2. c3 Nf6 3. e5 Nd5 4. Nf3 Nc6 5. Bc4 e6 6. O-O d6 7. d4 cxd4 8. cxd4 Be7 9. Qe2 O-O 10. Nc3 Nc7 11. Rd1 d5 12. Bd3 f5 13. exf6 Bxf6 14. Bf4 Kh8 15. Be5 Bxe5 16. Nxe5 Nxe5 17. dxe5 Qg5 18. Rac1 Bd7 19. g3 Rac8 20. h4 Qh6 21. Qd2 Qxd2 22. Rxd2 Nb5 23. Bxb5 Bxb5 24. f4 Rfd8 25. Rd4 a5 26. Kf2 Ba6 27. Rcd1 b5 28. a3 g6 29. Ke3 Rf8 30. Rc1 Rf7 31. Rdd1 Rfc7 32. Ne2 b4 33. Rxc7 Rxc7 34. Rc1 Rb7 35. Nd4 bxa3 36. bxa3 Bc4 37. Nxe6 Rb3+ 38. Kd4 Rxa3 39. Rb1 Rb3 40. Ra1 Rxg3 41. Rxa5 Kg8 42. Ra8+ Kf7 43. Ng5+ Ke7 44. Ra7+ Ke8 45. e6 Rg4 46. Ke5 d4 47. Ke4 1-0

[Event "XIX Najdorf Memorial 2019"]
[Site "Warsaw"]
[Date "2019.07.12"]
[Round "7.1"]
[White "Sieciechowicz, Marcin"]
[Black "Budrewicz, Krzysztof"]
[Result "0-1"]
[ECO "A41"]
[WhiteElo "2399"]
[BlackElo "2188"]
[Annotator "NA"]
[PlyCount "78"]
[EventDate "2019.07.06"]
[EventType "swiss"]
[EventCountry "POL"]
[SourceTitle "playchess.com"]
[Source "ChessBase"]
[SourceQuality "1"]
[TimeControl "40/5400+30:1800+30"]

1. d4 d6 2. Nf3 g6 3. c4 Bg7 4. Nc3 Bg4 5. e3 c5 6. dxc5 Bxc3+ 7. bxc3 dxc5 8. Qb3 Qc7 9. Be2 Nf6 10. h3 Be6 11. O-O O-O 12. Nd2 Nc6 13. e4 Na5 14. Qc2 Nd7 15. f4 f6 16. Qa4 b6 17. Qd1 Rad8 18. Qe1 Bf7 19. Qh4 Kh8 20. Kh1 Rg8 21. Qf2 Rdf8 22. e5 g5 23. exf6 Nxf6 24. fxg5 Rxg5 25. Bf3 Bg6 26. Qe3 Rf5 27. Re1 Qg3 28. Nf1 Qh4 29. Qe2 e5 30. Ne3 Rxf3 31. gxf3 Qxh3+ 32. Kg1 Rg8 33. Ng2 Bd3 34. Qf2 Nxc4 35. Rd1 e4 36. Rxd3 exd3 37. Bd2 Nd5 38. Re1 Nxd2 39. Qxd2 Nf4 0-1

[Event "XIX Najdorf Memorial 2019"]
[Site "Warsaw"]
[Date "2019.07.12"]
[Round "7.2"]
[White "Tomczak, Jacek"]
[Black "Fedorov, Alexei"]
[Result "1-0"]
[ECO "B41"]
[WhiteElo "2623"]
[BlackElo "2551"]
[Annotator "ChessBase"]
[PlyCount "53"]
[EventDate "2019.07.06"]
[EventType "swiss"]
[EventCountry "POL"]
[SourceTitle "playchess.com"]
[Source "ChessBase"]
[SourceQuality "1"]
[TimeControl "40/5400+30:1800+30"]

1. e4 c5 2. Nf3 e6 3. d4 cxd4 4. Nxd4 a6 5. Be2 Nf6 6. Nc3 Bb4 7. e5 Nd5 8. O-O Nxc3 9. bxc3 Be7 10. Bf4 O-O 11. Qd3 Nc6 12. Qg3 Kh8 13. Rad1 Qe8 14. Nxc6 bxc6 15. Qh3 a5 16. Bd3 g6 17. Bh6 Rg8 18. Qf3 a4 19. Rfe1 Ra5 20. Rb1 Ba6 21. c4 a3 22. Qf4 g5 23. Qf3 g4 24. Qf4 Bf8 25. Qf6+ Bg7 26. Bxg7+ Rxg7 27. Rb3 1-0

[Event "XIX Najdorf Memorial 2019"]
[Site "Warsaw"]
[Date "2019.07.12"]
[Round "7.2"]
[White "Goslawski, Michal"]
[Black "Krysztofiak, Marcin"]
[Result "1/2-1/2"]
[ECO "E06"]
[WhiteElo "2091"]
[BlackElo "2382"]
[Annotator "NA"]
[PlyCount "52"]
[EventDate "2019.07.06"]
[EventType "swiss"]
[EventCountry "POL"]
[SourceTitle "playchess.com"]
[Source "ChessBase"]
[SourceQuality "1"]
[TimeControl "40/5400+30:1800+30"]

1. Nf3 Nf6 2. c4 e6 3. g3 d5 4. d4 Be7 5. Bg2 O-O 6. O-O c6 7. Nc3 b6 8. Ne5 Ba6 9. e4 dxc4 10. Bf4 Qc8 11. Qe2 b5 12. Rfd1 b4 13. Na4 Bb5 14. Nc5 Na6 15. Nxc4 Nxc5 16. dxc5 Qa6 17. b3 Bxc5 18. Bd6 Bxd6 19. Rxd6 Rad8 20. Rad1 Rxd6 21. Rxd6 Bxc4 22. bxc4 e5 23. Qc2 Ne8 24. Rd7 Nf6 25. Rd6 Ne8 26. Rd7 Nf6 1/2-1/2

[Event "XIX Najdorf Memorial 2019"]
[Site "Warsaw"]
[Date "2019.07.12"]
[Round "7.3"]
[White "Yuffa, Daniil"]
[Black "Zylka, Stanislaw"]
[Result "1-0"]
[ECO "D85"]
[WhiteElo "2582"]
[BlackElo "2308"]
[Annotator "ChessBase"]
[PlyCount "51"]
[EventDate "2019.07.06"]
[EventType "swiss"]
[EventCountry "POL"]
[SourceTitle "playchess.com"]
[Source "ChessBase"]
[SourceQuality "1"]
[TimeControl "40/5400+30:1800+30"]

1. d4 Nf6 2. c4 g6 3. Nc3 d5 4. Nf3 Bg7 5. cxd5 Nxd5 6. e4 Nxc3 7. bxc3 c5 8. Rb1 O-O 9. Be2 cxd4 10. cxd4 Qa5+ 11. Bd2 Qxa2 12. O-O Bg4 13. Bg5 h6 14. Be3 Nc6 15. d5 Na5 16. Rb4 b6 17. e5 Bxf3 18. Bxf3 Bxe5 19. Bxh6 Rfd8 20. h4 Rac8 21. h5 Rc4 22. Qe1 Bd6 23. hxg6 Bxb4 24. Qe5 Bc3 25. gxf7+ Kh7 26. Qh5 1-0

[Event "XIX Najdorf Memorial 2019"]
[Site "Warsaw"]
[Date "2019.07.12"]
[Round "7.3"]
[White "Shevchenko, Kirill"]
[Black "Dragun, Kamil"]
[Result "1/2-1/2"]
[ECO "E21"]
[WhiteElo "2536"]
[BlackElo "2604"]
[Annotator "ChessBase"]
[PlyCount "120"]
[EventDate "2019.07.06"]
[EventType "swiss"]
[EventCountry "POL"]
[SourceTitle "playchess.com"]
[Source "ChessBase"]
[SourceQuality "1"]
[TimeControl "40/5400+30:1800+30"]

1. d4 Nf6 2. c4 e6 3. Nc3 Bb4 4. Nf3 O-O 5. Bg5 c5 6. e3 cxd4 7. Qxd4 Nc6 8. Qf4 h6 9. Bxf6 Qxf6 10. Qxf6 gxf6 11. Rc1 Rd8 12. Be2 d5 13. cxd5 Rxd5 14. O-O Rd8 15. Ne4 f5 16. Nc5 Rd5 17. Nb3 Be7 18. Nfd4 Nxd4 19. Nxd4 Bf6 20. Rfd1 Rd8 21. f4 Rd6 22. Kf2 Kf8 23. Bf3 Rb8 24. b3 Ke7 25. Rc4 Bxd4 26. exd4 a5 27. Rc7+ Rd7 28. Rdc1 Kd8 29. Rxd7+ Bxd7 30. d5 b6 31. Kg3 Ke7 32. Kh4 Rd8 33. Rc2 Kf6 34. d6 Be8 35. Rd2 Kg7 36. g4 fxg4 37. Bxg4 Bc6 38. f5 Bd5 39. fxe6 fxe6 40. h3 b5 41. Rd1 b4 42. Rd2 Kg6 43. Rd1 Kf6 44. Kh5 Rxd6 45. Kxh6 Ke5 46. Kg5 a4 47. h4 Rb6 48. h5 axb3 49. Re1+ Kd4 50. axb3 Bxb3 51. h6 Bc2 52. Bxe6 b3 53. Bxb3 Rxb3 54. Re2 Bd3 55. Rd2 Ke5 56. Rxd3 Rxd3 57. h7 Rh3 58. Kg6 Ke6 59. Kg7 Rg3+ 60. Kf8 Rh3 1/2-1/2

[Event "XIX Najdorf Memorial 2019"]
[Site "Warsaw"]
[Date "2019.07.12"]
[Round "7.4"]
[White "Bernadskiy, Vitaliy"]
[Black "Heberla, Bartlomiej"]
[Result "1/2-1/2"]
[ECO "A06"]
[WhiteElo "2594"]
[BlackElo "2534"]
[Annotator "ChessBase"]
[PlyCount "43"]
[EventDate "2019.07.06"]
[EventType "swiss"]
[EventCountry "POL"]
[SourceTitle "playchess.com"]
[Source "ChessBase"]
[SourceQuality "1"]
[TimeControl "40/5400+30:1800+30"]

1. Nf3 d5 2. e3 Nf6 3. c4 dxc4 4. Bxc4 e6 5. O-O c5 6. d4 Nc6 7. Nc3 a6 8. Ne5 Qc7 9. Nxc6 Qxc6 10. d5 exd5 11. Nxd5 Be6 12. Nxf6+ gxf6 13. Bxe6 Qxe6 14. b3 Rg8 15. Bb2 f5 16. Rc1 Rd8 17. Qe2 Qd5 18. g3 Qd2 19. Rfe1 Qxe2 20. Rxe2 Rg6 21. Kg2 b5 22. Kf3 1/2-1/2

[Event "XIX Najdorf Memorial 2019"]
[Site "Warsaw"]
[Date "2019.07.12"]
[Round "7.4"]
[White "Marczuk, Dominik"]
[Black "Janik, Igor"]
[Result "1/2-1/2"]
[ECO "A45"]
[WhiteElo "2300"]
[BlackElo "2495"]
[Annotator "ChessBase"]
[PlyCount "68"]
[EventDate "2019.07.06"]
[EventType "swiss"]
[EventCountry "POL"]
[SourceTitle "playchess.com"]
[Source "ChessBase"]
[SourceQuality "1"]
[TimeControl "40/5400+30:1800+30"]

1. d4 Nf6 2. Nc3 d5 3. Bf4 e6 4. Nb5 Na6 5. a3 c6 6. Nc3 c5 7. e3 Bd7 8. Nf3 Qb6 9. Rb1 Be7 10. Ne5 O-O 11. g4 cxd4 12. exd4 Rad8 13. g5 Ne4 14. Nxe4 dxe4 15. Nxd7 Rxd7 16. c3 Nc7 17. Qc2 Nd5 18. Qxe4 Nxf4 19. Qxf4 e5 20. Qxe5 Bxa3 21. Qb5 Qe6+ 22. Kd2 a6 23. Qd3 Qa2 24. Bh3 Rd5 25. Ra1 Qxb2+ 26. Qc2 Qxc2+ 27. Kxc2 Bd6 28. Bg2 Rf5 29. Bxb7 Rxf2+ 30. Kd3 Bxh2 31. Rxa6 Bf4 32. Rg1 Rb2 33. Bd5 Rd2+ 34. Kc4 Rc8+ 1/2-1/2

[Event "XIX Najdorf Memorial 2019"]
[Site "Warsaw"]
[Date "2019.07.12"]
[Round "7.5"]
[White "Kanarek, Marcel"]
[Black "Sedlak, Nikola"]
[Result "0-1"]
[ECO "B17"]
[WhiteElo "2493"]
[BlackElo "2586"]
[Annotator "ChessBase"]
[PlyCount "132"]
[EventDate "2019.07.06"]
[EventType "swiss"]
[EventCountry "POL"]
[SourceTitle "playchess.com"]
[Source "ChessBase"]
[SourceQuality "1"]
[TimeControl "40/5400+30:1800+30"]

1. e4 c6 2. d4 d5 3. Nc3 dxe4 4. Nxe4 Nd7 5. Nf3 Ngf6 6. Ng3 e6 7. Bd3 c5 8. O-O Be7 9. Qe2 O-O 10. Rd1 cxd4 11. Nxd4 Re8 12. h4 Bf8 13. h5 b6 14. h6 g6 15. Bg5 Bb7 16. Ne4 Be7 17. Bxf6 Nxf6 18. Nxf6+ Bxf6 19. Bb5 Bxd4 20. Bxe8 Qg5 21. Qf1 Qf4 22. Rxd4 Qxd4 23. Rd1 Qe4 24. Bb5 Qxc2 25. Qd3 Qxd3 26. Rxd3 Bd5 27. Rc3 Bxa2 28. Rc7 a5 29. Kh2 Kf8 30. Rb7 Bd5 31. Rxb6 Ke7 32. Kg3 Kf6 33. Bc6 Rd8 34. Ba4 Kg5 35. Rb5 Kxh6 36. Rxa5 Rb8 37. Rb5 Rxb5 38. Bxb5 Bb3 39. Kf4 f6 40. Ke3 Kg7 41. Kd4 Kf7 42. Kc5 Ke7 43. Bc6 h5 44. Kb4 Kd6 45. Be8 Bd5 46. g3 Be4 47. Kc4 Ke7 48. Ba4 g5 49. Kd4 f5 50. Ke3 h4 51. gxh4 gxh4 52. f3 h3 53. Kf2 h2 54. Kg2 Bxf3+ 55. Kxh2 e5 56. Kg3 Bb7 57. Bc2 Kf6 58. b4 Kg5 59. b5 f4+ 60. Kf2 e4 61. Bb3 Kf6 62. Ke2 Ke5 63. Bf7 Kd4 64. Be8 f3+ 65. Kf1 Bd5 66. Bc6 e3 0-1

[Event "XIX Najdorf Memorial 2019"]
[Site "Warsaw"]
[Date "2019.07.12"]
[Round "7.5"]
[White "Bednarek, Sylwester"]
[Black "Klekowski, Maciej"]
[Result "0-1"]
[ECO "A45"]
[WhiteElo "2291"]
[BlackElo "2482"]
[Annotator "ChessBase"]
[PlyCount "94"]
[EventDate "2019.07.06"]
[EventType "swiss"]
[EventCountry "POL"]
[SourceTitle "playchess.com"]
[Source "ChessBase"]
[SourceQuality "1"]
[TimeControl "40/5400+30:1800+30"]

1. d4 Nf6 2. Bg5 d5 3. Bxf6 exf6 4. e3 Bd6 5. g3 O-O 6. Bg2 c6 7. Nd2 Nd7 8. Ne2 f5 9. O-O Nf6 10. b3 b6 11. c4 Ne4 12. Rc1 Qe7 13. Rc2 Bb7 14. Nf3 g6 15. Nf4 Rac8 16. Nd3 Rfd8 17. Qa1 c5 18. cxd5 Bxd5 19. Rfc1 Bb7 20. dxc5 bxc5 21. Nde5 Qc7 22. b4 Re8 23. Nd3 c4 24. Nc5 Bxc5 25. bxc5 Qxc5 26. Nd4 Bd5 27. Ne2 Red8 28. h4 h5 29. Nf4 Bb7 30. Rxc4 Qxc4 31. Rxc4 Rxc4 32. Qb2 Bc6 33. Kh2 Rd2 34. Qb8+ Kg7 35. Qe5+ Nf6 36. Nh3 Bxg2 37. Kxg2 Rcc2 38. a4 Ra2 39. a5 Rd5 40. Qe7 Ng4 41. Qxa7 Rdd2 42. Kg1 Rd1+ 43. Kg2 Rd3 44. Kf3 Rdd2 45. e4 fxe4+ 46. Kxe4 Ra3 47. Nf4 Ra4+ {[%emt 0:00:47] Kd4} 0-1

[Event "XIX Najdorf Memorial 2019"]
[Site "Warsaw"]
[Date "2019.07.12"]
[Round "7.6"]
[White "Noe, Christopher"]
[Black "Romanishin, Oleg M"]
[Result "1-0"]
[ECO "D20"]
[WhiteElo "2534"]
[BlackElo "2443"]
[Annotator "ChessBase"]
[PlyCount "49"]
[EventDate "2019.07.06"]
[EventType "swiss"]
[EventCountry "POL"]
[SourceTitle "playchess.com"]
[Source "ChessBase"]
[SourceQuality "1"]
[TimeControl "40/5400+30:1800+30"]

1. d4 d5 2. c4 dxc4 3. Nc3 a6 4. e4 b5 5. a4 b4 6. Nce2 Nf6 7. Ng3 Nc6 8. e5 Qxd4 9. exf6 Qxd1+ 10. Kxd1 Bg4+ 11. Kc2 Nd4+ 12. Kb1 c3 13. Bc4 exf6 14. Nf3 Nxf3 15. gxf3 Bxf3 16. Re1+ Kd7 17. bxc3 bxc3 18. Kc2 Bd6 19. Bxf7 h5 20. Be6+ Kc6 21. Re3 Rae8 22. Rxc3+ Kb7 23. Rb1+ Ka8 24. Bd7 Re7 25. Bc6+ 1-0

[Event "XIX Najdorf Memorial 2019"]
[Site "Warsaw"]
[Date "2019.07.12"]
[Round "7.6"]
[White "Bebel, Arkadiusz"]
[Black "Abdumalik, Zhansaya"]
[Result "1/2-1/2"]
[ECO "B40"]
[WhiteElo "2290"]
[BlackElo "2458"]
[Annotator "ChessBase"]
[PlyCount "269"]
[EventDate "2019.07.06"]
[EventType "swiss"]
[EventCountry "POL"]
[SourceTitle "playchess.com"]
[Source "ChessBase"]
[SourceQuality "1"]
[TimeControl "40/5400+30:1800+30"]

1. e4 c5 2. Nf3 e6 3. c3 Nf6 4. e5 Nd5 5. Bc4 Nb6 6. Bb3 d5 7. exd6 Qxd6 8. O-O Nc6 9. Na3 a6 10. Qe2 Be7 11. Rd1 Qc7 12. d4 cxd4 13. Nxd4 Bd7 14. Nf3 h6 15. Nc4 Nxc4 16. Qxc4 g5 17. Be3 O-O-O 18. Bc2 f5 19. Nd4 Na5 20. Qxc7+ Kxc7 21. Nf3 Nc6 22. a4 f4 23. Bd4 Nxd4 24. Nxd4 Bf6 25. Nb3 Bc8 26. Nc5 b6 27. Ne4 Be7 28. Rxd8 Rxd8 29. Rd1 Bd7 30. h3 h5 31. f3 Rg8 32. Kf2 g4 33. hxg4 hxg4 34. Rh1 gxf3 35. gxf3 Rg7 36. Rh5 Bc6 37. b4 Kd7 38. Rh6 a5 39. bxa5 bxa5 40. Bb3 e5 41. Bc2 Rg8 42. Bb3 Rb8 43. Be6+ Kc7 44. Rh7 Rb2+ 45. Kf1 Bxe4 46. fxe4 Kd6 47. Rh6 Bg5 48. Rg6 Bh4 49. Bc4+ Kd7 50. Rg7+ Kd8 51. Rg2 Rb1+ 52. Ke2 Rc1 53. Kd2 Ra1 54. Rg8+ Ke7 55. Bb5 Be1+ 56. Kd3 Ra3 57. Rc8 Kf6 58. Rf8+ Kg6 59. Kc4 Bxc3 60. Rf5 Bd4 61. Kd5 Rg3 62. Be2 Rg2 63. Bb5 Rg3 64. Be2 Kh6 65. Rf6+ Kg7 66. Rf5 Rg6 67. Bh5 Rg2 68. Be8 Bb2 69. Ke6 Rg3 70. Bh5 Bd4 71. Kd5 Ra3 72. Bd1 Ra1 73. Bb3 Kg6 74. Ke6 Bb2 75. Ke7 Rg1 76. Bf7+ Kg7 77. Ke6 Bc3 78. Be8 Bd4 79. Bf7 Rg4 80. Bh5 Rh4 81. Be8 Rh6+ 82. Kd5 Rh8 83. Bh5 Rb8 84. Ke6 Rb6+ 85. Kd5 Bb2 86. Be8 Rb8 87. Bb5 Bc3 88. Ke6 Rd8 89. Bd7 Rh8 90. Rg5+ Kh6 91. Rf5 Rg8 92. Kf7 Rg3 93. Be8 f3 94. Kf6 Rh3 95. Bb5 Bd4 96. Kf7 Rg3 97. Kf6 Rg6+ 98. Kf7 Rg3 99. Kf6 f2 100. Be2 Rh3 101. Kf7 Rh1 102. Kf6 Kh7 103. Kf7 Be3 104. Rf3 Bd4 105. Rf5 Rh4 106. Bd3 Rh3 107. Be2 Rh1 108. Rf3 Kh8 109. Bf1 Kh7 110. Be2 Rh4 111. Bd3 Kh6 112. Kf6 Rh2 113. Rf5 Rh3 114. Be2 Rh2 115. Bd3 Rh1 116. Be2 Kh7 117. Kf7 Kh8 118. Rf3 Rh4 119. Bf1 Kh7 120. Bd3 Kh6 121. Kf6 Rh1 122. Rf5 Rc1 123. Be2 Rc6+ 124. Kf7 Kh7 125. Rh5+ Rh6 126. Rxh6+ Kxh6 127. Kf6 Bc3 128. Kf5 Kg7 129. Kg4 Kf6 130. Bb5 Ke6 131. Kf3 Kd6 132. Ke2 Kc5 133. Kf1 Bd4 134. Be8 Kc4 135. Bd7 1/2-1/2

[Event "XIX Najdorf Memorial 2019"]
[Site "Warsaw"]
[Date "2019.07.12"]
[Round "7.7"]
[White "Barski, Radoslaw"]
[Black "Shyam, Sundar M."]
[Result "1/2-1/2"]
[ECO "B87"]
[WhiteElo "2468"]
[BlackElo "2520"]
[Annotator "ChessBase"]
[PlyCount "130"]
[EventDate "2019.07.06"]
[EventType "swiss"]
[EventCountry "POL"]
[SourceTitle "playchess.com"]
[Source "ChessBase"]
[SourceQuality "1"]
[TimeControl "40/5400+30:1800+30"]

1. e4 c5 2. Nf3 d6 3. d4 cxd4 4. Nxd4 Nf6 5. Nc3 a6 6. Bc4 e6 7. Bb3 b5 8. Bg5 Qb6 9. Bxf6 gxf6 10. Qd2 Bd7 11. O-O-O a5 12. Kb1 a4 13. Bd5 Ra7 14. Rhe1 Na6 15. Qe2 Nc7 16. Qh5 Be7 17. Bxe6 Bxe6 18. Nd5 Nxd5 19. exd5 Bc8 20. Nc6 Qxf2 21. Nxa7 Qxa7 22. Rd3 Kd8 23. Rde3 Re8 24. Qxf7 Qd7 25. Qxh7 b4 26. Qf7 b3 27. axb3 axb3 28. Rxb3 Rf8 29. Qg7 Qe8 30. Rbe3 Rf7 31. Qg3 f5 32. Qf4 Qb5 33. Qd4 Bf6 34. Re8+ Kc7 35. Qa7+ Qb7 36. Qa5+ Kb8 37. b3 Rc7 38. Rd1 Rc5 39. Qa4 Qb6 40. Rd3 Ra5 41. Rxc8+ Kxc8 42. Qe8+ Kb7 43. Qd7+ Kb8 44. Qe8+ Kb7 45. Qd7+ Qc7 46. Qxc7+ Kxc7 47. c3 Be5 48. g3 Ra8 49. Kb2 Rh8 50. Rd2 f4 51. gxf4 Bxf4 52. Rf2 Be5 53. Rf3 Rxh2+ 54. Ka3 Rd2 55. c4 Rc2 56. Rf8 Bd4 57. Rf4 Be3 58. Rg4 Bc1+ 59. Ka4 Kb6 60. b4 Rc3 61. c5+ dxc5 62. Rg6+ Kb7 63. bxc5 Rxc5 64. Rc6 Rxc6 65. dxc6+ Kxc6 1/2-1/2

[Event "XIX Najdorf Memorial 2019"]
[Site "Warsaw"]
[Date "2019.07.12"]
[Round "7.7"]
[White "Godzwon, Iwo"]
[Black "Socko, Monika"]
[Result "0-1"]
[ECO "C49"]
[WhiteElo "2285"]
[BlackElo "2443"]
[Annotator "NA"]
[PlyCount "88"]
[EventDate "2019.07.06"]
[EventType "swiss"]
[EventCountry "POL"]
[SourceTitle "playchess.com"]
[Source "ChessBase"]
[SourceQuality "1"]
[TimeControl "40/5400+30:1800+30"]

1. e4 e5 2. Nf3 Nf6 3. Nc3 Nc6 4. Bb5 Bb4 5. O-O O-O 6. d3 Bxc3 7. bxc3 d6 8. Bxc6 bxc6 9. h3 Qe7 10. Qe2 Bd7 11. Nd2 Rab8 12. Nc4 Be6 13. Na5 Qd7 14. Bg5 Ne8 15. c4 Rb6 16. Nb3 c5 17. a4 Rb8 18. Bd2 f5 19. exf5 Rxf5 20. f4 exf4 21. Bxf4 Rf7 22. g4 Nf6 23. Bg5 Re8 24. Qg2 Ref8 25. Rae1 h6 26. Bxf6 Rxf6 27. Rxf6 Rxf6 28. Rf1 Rxf1+ 29. Kxf1 Qxa4 30. Qa8+ Kf7 31. Qb7 h5 32. Qf3+ Ke7 33. gxh5 Qa2 34. Qe2 a5 35. Qd2 a4 36. Qg5+ Ke8 37. Qxg7 axb3 38. cxb3 Qh2 39. h6 Qxh3+ 40. Kf2 Qh2+ 41. Ke3 Qh3+ 42. Kd2 Bf5 43. Qg8+ Ke7 44. Qg7+ Ke6 0-1

[Event "XIX Najdorf Memorial 2019"]
[Site "Warsaw"]
[Date "2019.07.12"]
[Round "7.8"]
[White "Mosesov, Danylo"]
[Black "Jakubowski, Krzysztof"]
[Result "1-0"]
[ECO "B48"]
[WhiteElo "2353"]
[BlackElo "2528"]
[Annotator "ChessBase"]
[PlyCount "57"]
[EventDate "2019.07.06"]
[EventType "swiss"]
[EventCountry "POL"]
[SourceTitle "playchess.com"]
[Source "ChessBase"]
[SourceQuality "1"]
[TimeControl "40/5400+30:1800+30"]

1. e4 c5 2. Nf3 e6 3. d4 cxd4 4. Nxd4 Nc6 5. Nc3 Qc7 6. Be3 a6 7. Qf3 Nf6 8. O-O-O Ne5 9. Qg3 b5 10. f4 Neg4 11. Bg1 b4 12. Na4 h5 13. Bd3 Bb7 14. h3 Nh6 15. Re1 g6 16. Nb3 Be7 17. Bd4 h4 18. Qf2 d6 19. Nb6 Rd8 20. Nc4 Rd7 21. e5 dxe5 22. fxe5 Nh5 23. Nd6+ Kf8 24. Nc5 Nf5 25. Bxf5 gxf5 26. Ncxb7 Ng3 27. Rhg1 Qc6 28. Qf3 Ne4 29. Rxe4 1-0

[Event "XIX Najdorf Memorial 2019"]
[Site "Warsaw"]
[Date "2019.07.12"]
[Round "7.8"]
[White "Piotrowski, Przemyslaw"]
[Black "Grib, Roman"]
[Result "1/2-1/2"]
[ECO "D79"]
[WhiteElo "2273"]
[BlackElo "2421"]
[Annotator "NA"]
[PlyCount "65"]
[EventDate "2019.07.06"]
[EventType "swiss"]
[EventCountry "POL"]
[SourceTitle "playchess.com"]
[Source "ChessBase"]
[SourceQuality "1"]
[TimeControl "40/5400+30:1800+30"]

1. Nf3 Nf6 2. c4 c6 3. d4 g6 4. g3 Bg7 5. Bg2 d5 6. cxd5 cxd5 7. O-O O-O 8. Nc3 Ne4 9. Nd2 Nxc3 10. bxc3 Nc6 11. e4 Be6 12. Qf3 dxe4 13. Nxe4 Bd5 14. Nf6+ Bxf6 15. Qxd5 Qxd5 16. Bxd5 Rac8 17. Rb1 Na5 18. Bxb7 Rxc3 19. Bd2 Ra3 20. Bd5 Ra4 21. Rb5 Nc4 22. Bb4 Nd6 23. Bxd6 exd6 24. Rd1 Rxd4 25. Rxd4 Bxd4 26. Rb7 Kg7 27. Kg2 g5 28. f4 gxf4 29. gxf4 Kg6 30. Rd7 Bc5 31. Kf3 f5 32. h3 a5 33. a4 1/2-1/2

[Event "XIX Najdorf Memorial 2019"]
[Site "Warsaw"]
[Date "2019.07.12"]
[Round "7.9"]
[White "Ali Marandi, Cemil Can"]
[Black "Tomaszewski, Kacper"]
[Result "1-0"]
[ECO "A05"]
[WhiteElo "2527"]
[BlackElo "2346"]
[Annotator "ChessBase"]
[PlyCount "137"]
[EventDate "2019.07.06"]
[EventType "swiss"]
[EventCountry "POL"]
[SourceTitle "playchess.com"]
[Source "ChessBase"]
[SourceQuality "1"]
[TimeControl "40/5400+30:1800+30"]

1. Nf3 Nf6 2. c4 g6 3. Nc3 Bg7 4. e4 e5 5. Nxe5 O-O 6. Nf3 Re8 7. d3 d5 8. cxd5 Nxd5 9. Nxd5 Qxd5 10. Be2 Qd6 11. O-O c5 12. Be3 Nc6 13. Rc1 b6 14. Qd2 Be6 15. b3 Rad8 16. Rfd1 Qf8 17. h3 h6 18. Qc2 Kh7 19. Bd2 f5 20. Bc3 Bc8 21. Bxg7 Qxg7 22. a3 Nd4 23. Nxd4 Rxd4 24. b4 Bd7 25. Qa2 Ba4 26. Rd2 fxe4 27. dxe4 Rdxe4 28. bxc5 bxc5 29. Rxc5 Bb3 30. Qxb3 Rxe2 31. Rxe2 Rxe2 32. Qc3 Re7 33. Qxg7+ Kxg7 34. Rc6 h5 35. Ra6 Kh6 36. h4 Kg7 37. g3 Kf7 38. Kg2 Kg7 39. a4 Kh6 40. a5 Kg7 41. Rc6 Kf7 42. f4 Kg7 43. a6 Rd7 44. g4 hxg4 45. Kg3 Rd1 46. Rc7+ Kf6 47. Rxa7 Rg1+ 48. Kh2 Ra1 49. Ra8 Kg7 50. a7 Ra3 51. h5 gxh5 52. f5 h4 53. f6+ Kh7 54. f7 Rh3+ 55. Kg2 Rg3+ 56. Kf2 Rf3+ 57. Ke2 Rxf7 58. Rh8+ Kxh8 59. a8=Q+ Kg7 60. Qe4 Kh8 61. Qxg4 Rh7 62. Qh3 Kg8 63. Kf3 Kg7 64. Kf4 Rh6 65. Qd7+ Kg6 66. Qf5+ Kg7 67. Kg5 Rh7 68. Qf6+ Kg8 69. Kg6 1-0

[Event "XIX Najdorf Memorial 2019"]
[Site "Warsaw"]
[Date "2019.07.12"]
[Round "7.9"]
[White "Chomczyk, Marek"]
[Black "Roseneck, Jonas"]
[Result "0-1"]
[ECO "C47"]
[WhiteElo "2270"]
[BlackElo "2398"]
[Annotator "NA"]
[PlyCount "108"]
[EventDate "2019.07.06"]
[EventType "swiss"]
[EventCountry "POL"]
[SourceTitle "playchess.com"]
[Source "ChessBase"]
[SourceQuality "1"]
[TimeControl "40/5400+30:1800+30"]

1. a3 e5 2. e4 Nf6 3. Nc3 Nc6 4. Nf3 d5 5. exd5 Nxd5 6. Nxd5 Qxd5 7. d3 g6 8. Be2 Bg7 9. O-O O-O 10. Re1 Bf5 11. Be3 h6 12. Rc1 Rad8 13. Nd2 Nd4 14. Bg4 Bxg4 15. Qxg4 Nf5 16. Qe4 Nxe3 17. Qxe3 a5 18. a4 Rfe8 19. Re2 e4 20. dxe4 Bxb2 21. Rf1 Qc6 22. Qb3 Bg7 23. c4 Rd4 24. Rfe1 Red8 25. Nf3 Rxc4 26. e5 Rb4 27. Qe3 Rxa4 28. h4 Rc4 29. h5 g5 30. Qb3 Re8 31. Qd3 Rc1 32. Rxc1 Qxc1+ 33. Re1 Qc6 34. Nd4 Qd5 35. e6 Rxe6 36. Rxe6 fxe6 37. Qg6 Qxd4 38. Qxe6+ Kf8 39. Qc8+ Ke7 40. Qxc7+ Qd7 41. Qxa5 Qd1+ 42. Kh2 Qxh5+ 43. Kg1 Qd1+ 44. Kh2 Qd6+ 45. g3 Be5 46. Qb5 b6 47. Qb1 Qf6 48. Kg2 Bd4 49. Qe4+ Kd6 50. f3 Qe5 51. Qb7 Qe2+ 52. Kh3 Qe6+ 53. Kg2 h5 54. Qh7 Qe2+ 0-1

[Event "XIX Najdorf Memorial 2019"]
[Site "Warsaw"]
[Date "2019.07.12"]
[Round "7.10"]
[White "Gukesh D"]
[Black "Oglaza, Oskar"]
[Result "1-0"]
[ECO "A22"]
[WhiteElo "2520"]
[BlackElo "2345"]
[Annotator "ChessBase"]
[PlyCount "119"]
[EventDate "2019.07.06"]
[EventType "swiss"]
[EventCountry "POL"]
[SourceTitle "playchess.com"]
[Source "ChessBase"]
[SourceQuality "1"]
[TimeControl "40/5400+30:1800+30"]

1. c4 e5 2. Nc3 Nf6 3. g3 Bb4 4. e4 O-O 5. Nge2 d6 6. Bg2 Nc6 7. h3 Nd4 8. O-O Re8 9. d3 Nxe2+ 10. Qxe2 c6 11. f4 exf4 12. gxf4 d5 13. cxd5 Nxd5 14. Bd2 Bc5+ 15. Kh2 Nb4 16. a3 Nc2 17. Rab1 Nd4 18. Qd1 f5 19. b4 Bf8 20. Be3 Be6 21. Qd2 Qd7 22. Qf2 Red8 23. Rfd1 a5 24. Na4 Ra6 25. bxa5 Nb5 26. Bb6 Re8 27. Nc5 Bxc5 28. Qxc5 Qe7 29. Rbc1 Qh4 30. Qe3 Bd5 31. Qg3 Qxg3+ 32. Kxg3 fxe4 33. dxe4 Bxe4 34. a4 Na3 35. Rc3 Bxg2 36. Kxg2 Re2+ 37. Kf3 Ra2 38. Rd8+ Kf7 39. Rd7+ Kg6 40. Rxb7 Nc2 41. Rxc6+ Kh5 42. Rxg7 Nd4+ 43. Bxd4 Rxc6 44. Rg5+ Kh4 45. Bf2+ Rxf2+ 46. Kxf2 Kxh3 47. Ke3 h6 48. Rg8 Rc3+ 49. Ke2 Rc5 50. a6 Ra5 51. Ra8 h5 52. a7 Rxa4 53. f5 Ra6 54. f6 Re6+ 55. Kd3 Rd6+ 56. Ke4 Rd7 57. Kf5 h4 58. Ke6 Rb7 59. f7 Rb6+ 60. Kd5 1-0